 Dungeon Crawl Stone Soup version 0.20.1-1-g8b1a95d66d (webtiles) character file.

136 Jynx the Ruffian (level 4, -3/37 HPs)
             Began as a Draconian Transmuter on Dec 30, 2017.
             Slain by vlindergert's ghost (16 damage)
             ... on level 3 of the Dungeon.
             The game lasted 00:05:39 (2993 turns).

Jynx the Ruffian (Draconian Transmuter)             Turns: 2993, Time: 00:05:39

Health: -3/37      AC:  5    Str: 13    XL:     4   Next: 98%
Magic:  3/8        EV: 12    Int: 13    God:
Gold:   87         SH:  0    Dex: 12    Spells: 3/9 levels left

rFire    . . .     SeeInvis .     - Unarmed
rCold    . . .     Gourm    .   (no shield)
rNeg     . . .     Faith    .   (armour unavailable)
rPois    .         Spirit   .   (helmet restricted)
rElec    .         Reflect  .   (no cloak)
rCorr    .         Harm     .   (no gloves)
MR       .....                  (no boots)
Stlth    +.........             (no amulet)
Regen    0.2/turn               (no ring)
MPRegen  0.2/turn               (no ring)

@: no status effects
A: unfitting armour, cold-blooded, AC +5
a: no special abilities


You were on level 3 of the Dungeon.
You were not hungry.

You visited 1 branch of the dungeon, and saw 3 of its levels.
You also visited: Sewer.

You collected 87 gold pieces.

Inventory:

Missiles
 a - 28 arrows
Scrolls
 e - 2 scrolls of recharging
 h - 2 scrolls of remove curse {unknown}
 j - a scroll of immolation
 l - a scroll of fear {unknown}
 n - a scroll of magic mapping {unknown}
 q - a scroll of identify
Potions
 d - a potion of cancellation {unknown}
 f - 2 potions of magic
 i - a potion of might {unknown}
 k - a potion of degeneration {unknown}
 m - a potion of heal wounds {unknown}
 o - a potion of invisibility {unknown}
 p - a potion of curing {unknown}
 r - a potion of ambrosia {unknown}
 s - a potion of mutation {unknown}
Books
 b - a book of Changes

   Spells                             Type                      Level
   a - Beastly Appendage              Transmutation                1
   b - Sticks to Snakes               Transmutation                2
   c - Spider Form                    Transmutation/Poison         3
   d - Ice Form                       Ice/Transmutation            4
   e - Blade Hands                    Transmutation                5
Comestibles
 c - 2 bread rations
 g - a royal jelly
 t - 2 chunks of flesh


   Skills:
 + Level 2.8 Fighting
 - Level 1.7 Dodging
 + Level 3.4 Unarmed Combat
 + Level 3.0 Spellcasting
 * Level 3.2 Transmutations


You had 3 spell levels left.
You knew the following spells:

 Your Spells              Type           Power        Failure   Level  Hunger
a - Beastly Appendage     Tmut           ##....       6%          1    #......
b - Sticks to Snakes      Tmut           ##......     9%          2    ##.....
c - Spider Form           Tmut/Pois      #.........   34%         3    ###....


Dungeon Overview and Level Annotations

Branches:
Dungeon (3/15)

Altars:
Nemelex Xobeh

Annotations:
D:3 vlindergert's ghost, amateur MiFi


Innate Abilities, Weirdness & Mutations

Your plain brown scales are hard. (AC +5)
You cannot fit into any form of body armour.
You are cold-blooded and may be slowed by cold attacks.


Message History

Aim: vlindergert's ghost Attack!
Vlindergert's ghost hits your ball python!
Your ball python dies!
You swap places.
You swap places.
Vlindergert's ghost hits your ball python!
Your ball python dies!
You feel sick.
You are no longer poisoned.
Vlindergert's ghost hits you!
You are too injured to fight recklessly!
Unknown command.
Vlindergert's ghost grins evilly.
Vlindergert's ghost hits your ball python!!
Your ball python dies!
Your ball python bites vlindergert's ghost but does no damage.
Your ball python barely misses vlindergert's ghost.
Vlindergert's ghost hits you!
You die...

######### #...........
######### #...........
........########...........
........'....).'......>....
........########@.........
.[[.....# #.W......#
.#<#+##.#
#.S......#♣♣♣♣♣♣♣♣
.#...##.#
####........'........
.######.#
#...........#♣≈≈≈≈≈≈≈ .#
#.# #...........# .......
.## #.# #........####
.≈≈≈≈≈. ..# #.# #........#
.≈..[≈. ..##
##.#####........# .≈.≈⌠≈.


You could see vlindergert's ghost and a friendly ball python.

Vanquished Creatures
  4 adders
  A howler monkey skeleton (D:3)
  An ooze (D:2)
  A worm (D:3)
  A dart slug (D:1)
  4 orcs (D:3)
  A giant cockroach (D:1)
  9 goblins
  5 hobgoblins
  5 jackals
  7 kobolds
  A quokka (D:2)
  4 ball pythons
  9 bats
  3 frilled lizards
  10 rats
66 creatures vanquished.

Vanquished Creatures (collateral kills)
  2 adders (D:3)
2 creatures vanquished.

Grand Total: 68 creatures vanquished

Notes
Turn   | Place    | Note
-------+----------+-------------------------------------------
     0 | D:1      | Jynx the Draconian Transmuter began the quest for the Orb.
     0 | D:1      | Reached XP level 1. HP: 16/16 MP: 3/3
    94 | D:1      | Reached XP level 2. HP: 19/24 MP: 3/5
   926 | D:1      | Reached XP level 3. HP: 27/29 MP: 4/6
  1445 | D:2      | Learned a level 2 spell: Sticks to Snakes
  1449 | D:2      | Learned a level 3 spell: Spider Form
  1520 | D:2      | Found a sparkling altar of Nemelex Xobeh.
  1855 | D:2      | Reached XP level 4. HP: 36/37 MP: 5/7
  2256 | D:3      | Found a glowing drain.
  2285 | Sewer    | Entered a sewer
  2300 | Sewer    | Noticed Purgy
  2962 | D:3      | Noticed vlindergert's ghost (amateur MiFi)
  2993 | D:3      | Slain by vlindergert's ghost

Skill      XL: |  1  2  3  4 |
---------------+-------------+-----
Fighting       | 2 |  2.8
Transmutations | 3 |  3.2
Spellcasting   | 3 |  3.0
Dodging        | |  1.7
Unarmed Combat | |  3.4

Action                   |  1- 3 |  4- 6 || total
-------------------------+-------+-------++-------
Melee: Unarmed           |   152 |    85 ||   237
       Tailslap          |     6 |     8 ||    14
       Kick              |     8 |     9 ||    17
       Headbutt          |     4 |     4 ||     8
       Punch             |     2 |     2 ||     4
 Cast: Beastly Appendage |    35 |    17 ||    52
       Sticks to Snakes  |       |     9 ||     9
  Use: Scroll            |       |     5 ||     5
 Stab: Sleeping          |     1 |       ||     1
  Eat: Chunk             |     4 |     4 ||     8
Armor: Skin              |    52 |    24 ||    76
Dodge: Dodged            |   141 |    63 ||   204
